 Dungeon Crawl Stone Soup version 0.28.0-53-g5a82cb258f (webtiles) character file.

Game seed: 13526965250406754855

393 quixfox the Cudgeller (level 6, -6/40 HPs)
             Began as a Gargoyle Fighter on July 16, 2022.
             Mangled by an ogre
             ... wielding a +0 giant spiked club
              (23 damage)
             ... on level 4 of the Dungeon.
             The game lasted 00:04:30 (3029 turns).

quixfox the Cudgeller (Gargoyle Fighter)            Turns: 3029, Time: 00:04:31

Health: -6/40      AC: 16    Str: 22    XL:     6   Next: 81%
Magic:  6/6        EV:  7    Int:  8    God:
Gold:   124        SH:  9    Dex:  9    Spells: 5/5 levels left

rFire   . . .      SeeInvis .   a - +0 flail
rCold   . . .      Faith    .   c - +0 buckler
rNeg    + . .      Spirit   .   g - +0 chain mail
rPois   ∞          Reflect  +   (no helmet)
rElec   +          Harm     .   j - +0 cloak
rCorr   .          Rampage  .   o - +0 pair of gloves
Will    .....                   (no boots)
Stlth   ..........              r - amulet of reflection
HPRegen 0.13/turn               (no ring)
MPRegen 0.10/turn               (no ring)

@: no status effects
A: sickness immunity, AC +4, negative energy resistance 1, electricity
resistance, torment resistance 1, petrification resistance
a: no special abilities


You were on level 4 of the Dungeon.
You visited 1 branch of the dungeon, and saw 4 of its levels.

You collected 124 gold pieces.

Inventory:

Hand Weapons
 a - a +0 flail (weapon)
Armour
 c - a +0 buckler (worn)
 g - a +0 chain mail (worn)
 j - a +0 cloak (worn)
 m - a +0 kite shield
 o - a +0 pair of gloves (worn)
Jewellery
 b - a ring of fire
 r - an amulet of reflection (around neck)
Wands
 s - a wand of charming (12)
Scrolls
 h - a scroll of fear {unknown}
 k - a scroll of teleportation {unknown}
 l - a scroll of magic mapping {unknown}
 n - a scroll of fog {unknown}
 p - a scroll of identify {unknown}
Potions
 d - a potion of might
 e - a potion of attraction {unknown}
 f - 4 potions of heal wounds {unknown}
 i - 3 potions of curing {unknown}
 q - a potion of haste {unknown}


   Skills:
 + Level 4.8 Fighting
 * Level 4.9 Maces & Flails
 + Level 4.8 Armour
 + Level 4.0 Shields


You had 5 spell levels left.
You didn't know any spells.
Your spell library contained the following spells:

 Spells                   Type           Power      Damage    Failure   Level
 Blink                    Tloc           0%         N/A       100%        2
 Manifold Assault         Tloc           0%         N/A       100%        5
 Storm Form               Tmut/Air       0%         N/A       100%        7


Dungeon Overview and Level Annotations

Branches:
Dungeon (4/15)
 Temple: D:4-7

Altars:


Innate Abilities, Weirdness & Mutations

You are immune to sickness and miasma.
Your stone body is resilient. (AC +4)
You are immune to poison.
You resist negative energy. (rN+)
You are resistant to electric shocks. (rElec)
You are resistant to unholy torment.
You are immune to petrification.


Message History

The jackal bites you but does no damage.
You block the jackal's attack.
You hit the jackal but do no damage.
The jackal is severely wounded.
You block the jackal's attack.
You barely miss the jackal.
The jackal is severely wounded.
You block the jackal's attack.
The jackal bites you but does no damage.
You barely miss the jackal.
The jackal is severely wounded.
The jackal bites you but does no damage. x2
You barely miss the jackal.
The jackal is severely wounded.
The jackal closely misses you.
The jackal bites you but does no damage.
You closely miss the jackal.
The jackal is severely wounded.
The jackal stops to sniff the ground.
The jackal bites you.
You sock the jackal!
You kill the jackal!
You see here a jackal corpse.
There is a stone staircase leading down here.
You start resting.
HP restored.
You climb downwards.
The ogre hits you but does no damage.
There is a stone staircase leading up here.
You hit the ogre but do no damage.
The ogre hits you with a +0 giant spiked club!
You barely miss the ogre.
The ogre hits you with a +0 giant spiked club!
You hit the ogre.
The ogre is lightly wounded.
The ogre hits you with a +0 giant spiked club.
You hit the ogre.
The ogre is moderately wounded.
The ogre hits you with a +0 giant spiked club!!
Ouch! That really hurt!
You die...

#######.##.###.##.#.#.#
#.....................#
#.......####.###.##.#.#
#.......####.###.##.#.#
#......................
#......######..........
#......# ##.........
#.>....#######......<..
#.....@...............†
#.....O................
#......................
#......................
#......................
#..........>...........
#######################


You could see an ogre.

Vanquished Creatures
  Eustachio (D:4)
  A jelly (D:4)
  A hound (D:3)
  A centaur skeleton (D:4)
  Natasha (D:4)
  4 gnolls (D:2)
  4 adders
  A worm (D:3)
  2 dart slugs
  5 orcs (D:3)
  4 bats
  3 endoplasms
  3 giant cockroaches
  3 hobgoblins (D:1)
  3 jackals
  2 quokkas (D:3)
  5 ball pythons
  3 frilled lizards (D:1)
  5 goblins
  7 kobolds
  3 rats
62 creatures vanquished.

Notes
Turn   | Place    | Note
-------+----------+-------------------------------------------
     0 | D:1      | quixfox the Gargoyle Fighter began the quest for the Orb.
     0 | D:1      | Reached XP level 1. HP: 14/14 MP: 1/1
   214 | D:1      | Reached XP level 2. HP: 19/19 MP: 2/2
  1173 | D:2      | Reached XP level 3. HP: 23/23 MP: 3/3
  1796 | D:2      | Reached XP level 4. HP: 18/29 MP: 4/4
  2183 | D:3      | Reached XP level 5. HP: 27/33 MP: 5/5
  2784 | D:4      | Noticed Natasha
  2790 | D:4      | Killed Natasha
  2929 | D:4      | Noticed Eustachio
  2934 | D:4      | Reached XP level 6. HP: 36/39 MP: 6/6
  2953 | D:4      | Killed Eustachio
  3029 | D:4      | Mangled by an ogre

Illustrated notes

Levels and vault maps discovered:
D:1:      psy_arrival_whirlpool, layout_loops_corners
D:2:      layout_basic
D:3:      wad_pebble_path, layout_rooms, chequers_serial_rivers_small_3
D:4:      layout_gridville, minmay_diced_spiral, uniq_eustachio, uniq_natasha

Skill      XL: |  1  2  3  4  5  6 |
---------------+-------------------+-----
Maces & Flails | 3 4 |  4.9
Armour         | 4 |  4.8
Fighting       | 4 |  4.8
Shields        | 4 |  4.0

Action                   |  1- 3 |  4- 6 || total
-------------------------+-------+-------++-------
Melee: Flail             |    80 |   155 ||   235
Armor: Scale mail        |     5 |       ||     5
       Chain mail        |    39 |   127 ||   166
Dodge: Dodged            |    19 |    59 ||    78
Block: Buckler           |    23 |    51 ||    74
